 Dungeon Crawl Stone Soup version 0.23.2-33-g5129a83184 (webtiles) character file.

Game seed: 6534713042105029810

70 DorianNounverber the Magician (level 4, -13/24 HPs)
             Began as a Deep Elf Wizard on July 8, 2019.
             Mangled by an ice beast (14 damage)
             ... on level 3 of the Dungeon.
             The game lasted 00:07:42 (2819 turns).

DorianNounverber the Magician (Deep Elf Wizard)     Turns: 2819, Time: 00:07:42

Health: -13/24     AC:  6    Str:  4    XL:     4   Next: 3%
Magic:  3/13       EV: 13    Int: 24    God:
Gold:   109        SH:  0    Dex: 13    Spells: 3/14 levels left

rFire    . . .     SeeInvis .   (no weapon)
rCold    . . .     Gourm    .   (no shield)
rNeg     . . .     Faith    .   a - +0 robe
rPois    .         Spirit   .   b - +0 hat
rElec    .         Reflect  .   (no cloak)
rCorr    .         Harm     .   (no gloves)
MR       .....                  (no boots)
Stlth    ++........             (no amulet)
HPRegen  0.08/turn              m - +4 ring of protection
MPRegen  0.13/turn              (no ring)

@: very slightly contaminated
A: no striking features
a: no special abilities


You were on level 3 of the Dungeon.
You were not hungry.

You visited 1 branch of the dungeon, and saw 3 of its levels.

You collected 109 gold pieces.

Inventory:

Armour
 a - a +0 robe (worn)
 b - a +0 hat (worn)
 l - a +3 leather armour
Jewellery
 m - a +4 ring of protection (left hand)
Wands
 n - a wand of flame (15)
Scrolls
 c - a scroll of blinking {unknown}
 f - 2 scrolls of identify {unknown}
 g - a scroll of enchant weapon {unknown}
 h - a scroll of remove curse {unknown}
 k - a scroll of teleportation {unknown}
 o - a scroll of fog {unknown}
Potions
 e - 2 potions of curing {unknown}
 i - a potion of brilliance {unknown}
 j - a potion of heal wounds {unknown}
Comestibles
 d - 4 rations


   Skills:
 * Level 2.6 Dodging
 + Level 3.0 Stealth
 * Level 5.9 Spellcasting
 * Level 1.7 Conjurations
 + Level 1.1 Summonings
 + Level 1.1 Translocations
 * Level 1.1 Fire Magic


You had 3 spell levels left.
You knew the following spells:

 Your Spells              Type           Power        Failure   Level  Hunger
a - Magic Dart            Conj           ###.         4%          1    None
b - Blink                 Tloc           N/A          8%          2    None
c - Call Imp              Summ           ##......     8%          2    None
d - Conjure Flame         Conj/Fire      ##......     13%         3    #......
e - Mephitic Cloud        Conj/Pois/Air  #.......     19%         3    #......

Your spell library contained the following spells:

 Spells                   Type           Power        Failure   Level  Hunger
 Slow                     Hex            #.......     12%         2    None


Dungeon Overview and Level Annotations

Branches:
Dungeon (3/15)

Altars:


Message History

The ice beast completely resists.
An ice beast is nearby!
The ice beast hits your white imp. The ice beast freezes your white imp.
Your white imp resists.
Your white imp closely misses the ice beast.
The ice beast hits your white imp but does no damage.
Your white imp hits the ice beast.
Your white imp freezes the ice beast.
The ice beast completely resists.
The ice beast hits your white imp. The ice beast freezes your white imp.
Your white imp resists.
Your white imp dies!
The ice beast hits you. The ice beast freezes you!
Ouch! That really hurt!
* * * LOW HITPOINT WARNING * * *
There is a stone staircase leading up here.
The ice beast hits you.
* * * LOW HITPOINT WARNING * * *
The ice beast freezes you!
Ouch! That really hurt!
You die...

....... #.....##..# .......
#.....##..## .......
#######.....##...
.......##...........##.#####
slY.....#..........[.......#
........#............#.###.#
####.#............#.# #.#
########l...#...Y..####..#.# #.#
...).).#Y####...@..'.....#.# #.#
.#####)#.# #......#####.#.###.#
.#...#.#.# ############.......#
.#.#.#.#.# #..........#
.#.#.#)#.# #..........#
.#.#.#.#.# #.....>....#
.#.#.#)#.# #..........#
.#.#.#.#.###############'#'#####
.#...#.#.........>.......#.#


You could see an ice beast.

Vanquished Creatures
  An adder (D:2)
  An ooze (D:3)
  A worm (D:2)
  A dart slug (D:1)
  A leopard gecko (D:3)
  An orc (D:3)
  A giant cockroach (D:2)
  4 goblins
  A hobgoblin (D:2)
  4 kobolds
  A ball python (D:1)
  3 bats
  4 frilled lizards
  3 rats
27 creatures vanquished.

Vanquished Creatures (collateral kills)
  An orc wizard (D:3)
  5 orcs (D:3)
  A giant cockroach (D:1)
7 creatures vanquished.

Grand Total: 34 creatures vanquished

Notes
Turn   | Place    | Note
-------+----------+-------------------------------------------
     0 | D:1      | DorianNounverber the Deep Elf Wizard began the quest for
                  | the Orb.
     0 | D:1      | Reached XP level 1. HP: 10/10 MP: 7/7
   323 | D:1      | You fall through a shaft!
   327 | D:2      | Reached XP level 2. HP: 15/15 MP: 6/9
   331 | D:2      | Learned a level 2 spell: Blink
   335 | D:2      | Learned a level 2 spell: Call Imp
   513 | D:1      | Reached skill level 5 in Spellcasting
   931 | D:2      | Found a faded altar of an unknown god.
  1311 | D:2      | Reached XP level 3. HP: 19/19 MP: 10/12
  1316 | D:2      | Learned a level 3 spell: Conjure Flame
  1320 | D:2      | Learned a level 3 spell: Mephitic Cloud
  2124 | D:3      | Reached skill level 1 in Fire Magic
  2319 | D:3      | Noticed an ice beast
  2319 | D:3      | Noticed a scorpion
  2486 | D:3      | Reached XP level 4. HP: 17/24 MP: 11/13
  2819 | D:3      | HP: 1/24 [ice beast (5)]
  2819 | D:3      | Mangled by an ice beast

Skill      XL: |  1  2  3  4 |
---------------+-------------+-----
Spellcasting   | 5 |  5.9
Fire Magic     | 1 |  1.1
Stealth        | 3 |  3.0
Dodging        | |  2.6
Conjurations   | |  1.7
Summonings     | |  1.1
Translocations | |  1.1

Action                   |  1- 3 |  4- 6 || total
-------------------------+-------+-------++-------
 Cast: Magic Dart        |    88 |    12 ||   100
       Call Imp          |    11 |     6 ||    17
       Conjure Flame     |     4 |     1 ||     5
  Eat: Chunk             |     1 |     1 ||     2
       Ration            |     1 |       ||     1
Armor: Robe              |     5 |       ||     5
Dodge: Dodged            |    15 |     1 ||    16
